 Dungeon Crawl Stone Soup version 0.31-a0-848-gaac375c287 (webtiles) character file.

Game seed: 15614786949404827534

16 Kurtz the Sneak (level 2, -6/24 HPs)
             Began as a Mummy Delver on Oct 4, 2023.
             Mangled by Natasha (8 damage)
             ... on level 2 of the Dungeon.
             The game lasted 00:00:44 (310 turns).

Kurtz the Sneak (Mummy Delver)                       Turns: 310, Time: 00:00:44

Health: -6/24      AC:  3    Str: 15    XL:     2   Next: 41%
Magic:  2/2        EV: 11    Int:  9    God:
Gold:   28         SH:  0    Dex: 13    Spells: 1/1 levels left

rFire   x . .        a - +0 mace
rCold   + . .        (no shield)
rNeg    + + +        b - +0 leather armour
rPois   ∞            (no helmet)
rElec   .            (no cloak)
rCorr   .            (no gloves)
SInv    .            (no boots)
Will    .....        (no amulet)
Stlth   ++           (no ring)
HPRegen 0.24/turn    (no ring)
MPRegen 0.08/turn

%: faith
@: no status effects
A: cold resistance 1, negative energy resistance 3, torment resistance 2, heat
vulnerability 1, in touch with death 1, no potions, faith
a: no special abilities


You were on level 2 of the Dungeon.
You visited 1 branch of the dungeon, and saw 4 of its levels.

You collected 28 gold pieces.

Inventory:

Hand Weapons
 a - a +0 mace (weapon)
Armour
 b - a +0 leather armour (worn)
Wands
 f - a wand of digging (3)
Scrolls
 c - a scroll of fog
 d - a scroll of revelation
 e - a scroll of fear
 g - a scroll of identify {unknown}


   Skills:
 - Level 3.0 Fighting
 * Level 2.5 Maces & Flails
 - Level 1.5 Dodging
 - Level 4.1 Stealth


You had one spell level left.
You didn't know any spells.
Your spell library was empty.

Dungeon Overview and Level Annotations

Branches:
Dungeon (5/15)
 Temple: D:4-7

Altars:

Annotations:
D:2 Natasha
D:3 Terence


Innate Abilities, Weirdness & Mutations

You are immune to poison.
Your flesh is cold resistant. (rC+)
You are immune to negative energy. (rN+++)
You are immune to unholy pain and torment.
You are vulnerable to heat. (rF-)
You are in touch with the powers of death.
You do not drink.
You have a special connection with the divine. (Faith)


Message History

The helpless Natasha fails to defend herself.
You hit Natasha.
Natasha is lightly wounded.
Natasha claws you.
You closely miss Natasha.
Natasha is lightly wounded.
The bat hits you but does no damage. The bat barely misses you.
Natasha claws you!
You closely miss Natasha.
Natasha is lightly wounded.
The bat hits you but does no damage. Natasha claws you!
* * * LOW HITPOINT WARNING * * *
Natasha barely misses you.
You closely miss Natasha.
Natasha is lightly wounded.
The bat barely misses you. Natasha misses you.
Unknown command.
You barely miss Natasha.
Natasha is lightly wounded.
The bat hits you but does no damage. Natasha claws you.
* * * LOW HITPOINT WARNING * * *
The bat hits you but does no damage.
Unknown command.
Natasha attacks as she pursues you! Natasha claws you.
* * * LOW HITPOINT WARNING * * *
The bat closely misses you.
You hit Natasha.
Natasha is heavily wounded.
The bat hits you but does no damage. Natasha barely misses you.
Natasha claws you.
* * * LOW HITPOINT WARNING * * *
Unknown command.
You hit Natasha.
Natasha is severely wounded.
The bat hits you but does no damage. Natasha casts a spell at you.
You resist with significant effort. Natasha attacks as she pursues you!
Natasha claws you!
You die...
Natasha begins licking her fur clean.

#...## .#
#.### #.# #.#
####.# #....#
#.#### . ##.#
... #@.#
....###h#####
#..b.....#
#.......<#
#........<...
#..(.....####
#........#
##########


You could see Natasha and a bat.

Vanquished Creatures
  An adder (D:3)
  A worm (D:3)
  A bat (D:2)
  A giant cockroach (D:4)
  A goblin (D:2)
5 creatures vanquished.

Notes
Turn   | Place    | Note
-------+----------+-------------------------------------------
     0 | D:5      | Kurtz the Mummy Delver began the quest for the Orb.
     0 | D:5      | Reached XP level 1. HP: 18/18 MP: 1/1
    90 | D:3      | Reached XP level 2. HP: 23/24 MP: 2/2
   188 | D:3      | Noticed Terence
   297 | D:2      | Noticed Natasha
   310 | D:2      | Mangled by Natasha

Illustrated notes

Levels and vault maps discovered:
D:2:      layout_rooms, uniq_natasha
D:3:      layout_loops_ring, uniq_terence
D:4:      layout_basic
D:5:      layout_loops_ring, led_sif_pool, minmay_temple_entry_hall,
          nicolae_titane

Skill      XL: |  1 |
---------------+----+-----
Maces & Flails | 2 |  2.5
Fighting       | |  3.0
Dodging        | |  1.5
Stealth        | |  4.1

Action                     || total
---------------------------++-------
  Melee: Mace              ||    31
   Stab: Sleeping          ||     1
 Armour: Leather armour    ||    26
  Dodge: Dodged            ||    22

Table legend: (Time is in decaauts)
 A = Elapsed time spent in this place.
 B = Non-inter-level travel time spent in this place.
 C = Inter-level travel time spent in this place.
 D = Time resting spent in this place.
 E = Time spent auto-exploring this place.
 F = Levels seen in this place.
 G = Mean time per level.
                   A        B        C        D        E       F      G
               +--------+--------+--------+--------+--------+-----+--------+
         Total |    319 |    319 |      0 |     52 |    124 |   4 |   79.8 |
       Dungeon |    319 |    319 |      0 |     52 |    124 |   4 |   79.8 |
               +--------+--------+--------+--------+--------+-----+--------+

Top non-repeatable levels by time:
     D:3: 135 daAuts
     D:2: 124 daAuts
     D:5: 30 daAuts
     D:4: 28 daAuts
